 Dungeon Crawl Stone Soup version 0.24.0-28-g17ded55e90 (webtiles) character file.

Game seed: 18270718660648103116, levelgen mode: deterministic

37 Matador8 the Grasshopper (level 3, -2/27 HPs)
             Began as a Demonspawn Warper on Nov 12, 2019.
             Hit by a stone thrown by a gnoll (7 damage)
             ... on level 1 of the Dungeon.
             The game lasted 00:10:57 (2520 turns).

Matador8 the Grasshopper (Demonspawn Warper)        Turns: 2520, Time: 00:10:58

Health: -2/27      AC:  3    Str: 12    XL:     3   Next: 23%
Magic:  6/6        EV: 11    Int: 14    God:
Gold:   111        SH:  0    Dex: 12    Spells: 5/7 levels left

rFire    . . .     SeeInvis .   h - +0 whip
rCold    . . .     Gourm    .   (no shield)
rNeg     . . .     Faith    .   b - +0 leather armour
rPois    .         Spirit   .   (no helmet)
rElec    .         Reflect  .   (no cloak)
rCorr    .         Harm     .   (no gloves)
MR       .....                  (no boots)
Stlth    +.........             (no amulet)
HPRegen  0.09/turn              (no ring)
MPRegen  0.10/turn              (no ring)

@: no status effects
A: powered by death 1
a: no special abilities


You were on level 1 of the Dungeon.
You were hungry.

You visited 1 branch of the dungeon, and saw 2 of its levels.

You collected 111 gold pieces.

Inventory:

Hand Weapons
 a - a +0 mace
 h - a +0 whip (weapon)
Armour
 b - a +0 leather armour (worn)
Scrolls
 c - a scroll of identify {unknown}
 d - a scroll of blinking
 e - 4 scrolls of teleportation {unknown}
 g - a scroll of noise {unknown}
 i - a scroll of remove curse {unknown}
 k - a scroll of immolation {unknown}
Comestibles
 f - 4 rations


   Skills:
 - Level 2.0 Fighting
 * Level 2.7 Maces & Flails
 - Level 0.8 Throwing
 - Level 0.8 Armour
 - Level 1.7 Dodging
 + Level 2.5 Spellcasting
 + Level 2.9 Translocations


You had 5 spell levels left.
You knew the following spells:

 Your Spells              Type           Power        Failure   Level  Hunger
a - Blink                 Tloc           N/A          13%         2    ###....

Your spell library contained the following spells:

 Spells                   Type           Power        Failure   Level  Hunger
 Shroud of Golubria       Chrm/Tloc      #.....       24%         2    ###....
 Gell's Gravitas          Tloc           ##........   26%         3    ###....
 Lesser Beckoning         Tloc           ##........   26%         3    ###....
 Teleport Other           Tloc           ##......     26%         3    ###....
 Passage of Golubria      Tloc           N/A          65%         4    #####..


Dungeon Overview and Level Annotations

Branches:
Dungeon (2/15)

Altars:


Innate Abilities, Weirdness & Mutations

You regenerate a little health from kills.


Message History

You close the door.
You see here a stone.
You feel sick.
There is a stone staircase leading up here.
You climb upwards.
The gnoll throws a stone.
The stone hits you.
* * * LOW HITPOINT WARNING * * *
There is a stone staircase leading down, spattered with blood here.
You see here a stone.
You feel sick.
You feel sick.
You are no longer poisoned.
The gnoll throws a stone.
The stone closely misses you.
You see here a stone.
You are feeling hungry.
The gnoll throws a stone.
The stone closely misses you.
You see here a stone.
The gnoll throws a stone.
The stone hits you but does no damage.
You see here a stone.
The gnoll throws a stone.
The stone hits you!
You die...

..........### ####........#
####.####.#.##
...#.###.....####################
................g................
########.....###################.
##.....# #########.
#########.###.######## #...(...g.
#.........# #...@(...###.#######.
#.#######.###)######...g....# #.
..............## #..#####.# #.
#.#######......# #..# #.# #. #.#
##......# #..# #.# #. #.#
####.......# ##.# #.# #. #.#
#..........# #.#####.# #. #.#
#.##.......# #.......# #. #.#
#.###.##.### ############.


You could see a gnoll.

Vanquished Creatures
  2 dart slugs (D:1)
  5 bats (D:1)
  4 goblins
  6 hobgoblins
  3 jackals (D:1)
  3 frilled lizards
  5 kobolds
  4 rats (D:1)
32 creatures vanquished.

Notes
Turn   | Place    | Note
-------+----------+-------------------------------------------
     0 | D:1      | Matador8 the Demonspawn Warper began the quest for the Orb.
     0 | D:1      | Reached XP level 1. HP: 16/16 MP: 3/3
   327 | D:1      | Gained mutation: You regenerate a little health from kills.
                  | [demonic ancestry]
   327 | D:1      | Reached XP level 2. HP: 18/22 MP: 5/5
   444 | D:1      | Learned a level 2 spell: Blink
  1960 | D:1      | Reached XP level 3. HP: 26/27 MP: 6/6
  2520 | D:1      | Hit by a stone thrown by a gnoll

Levels and vault maps discovered:
D:1:      onia_arrival_pentagram, layout_loops_ring, minmay_parallelograms
D:2:      layout_basic, chequers_serial_rivers_micro_e

Skill      XL: |  1 |
---------------+----+-----
Maces & Flails | 2 |  2.7
Fighting       | |  2.0
Throwing       | |  0.8
Armour         | |  0.8
Dodging        | |  1.7
Spellcasting   | |  2.5
Translocations | |  2.9

Action                   || total
-------------------------++-------
Melee: Mace              ||    38
       Whip              ||   112
Throw: Boomerang         ||     5
 Cast: Blink             ||    10
 Stab: Sleeping          ||     1
  Eat: Chunk             ||     2
       Ration            ||     1
Armor: Leather armour    ||    43
Dodge: Dodged            ||   115
